AoeStats
← InTrUd3r2855

Black Forest

509269955Analyzed
4v4 RM · 8d ago on Sep 26, 2026· 47m 14s· 8 players
Game mode
Random Map
Map size
Large (8 player)
Population
200
Speed
Normal
Resources
Standard
Victory
Conquest
Starting age
Dark Age
Ending age
Imperial Age
RankedLock teamsTeams togetherTeam positionsShared explorationLock speedFull tech treeHidden civsTurbo modeCheats
Victory
Defeat
🇨🇦 Varangians · Canada
836
+11
🇨🇱 Franks · Chile
727
+15
726
+15
🇧🇷 Bohemians · Brazil
713
+16
🇬🇧 Japanese · United Kingdom
739
-15
🇯🇵 Khmer · Japan
728
-15
🇺🇸 Tatars · United States
715
-14
🇺🇸 Mongols · United States
677
-13
PhilCollinsLive
5:16 Loom
11:21 Feudal Age
16:49 Castle Age
15:31 Double-Bit Axe
15:53 Horse Collar
19:29 Wheelbarrow
32:22 Imperial Age
31:36 Bow Saw
32:00 Heavy Plow
33:34 Conscription
34:05 Bloodlines
33:16 Light Cavalry
34:51 Hand Cart
35:07 Husbandry
34:34 Light Cavalry
38:08 Thumb Ring
40:16 Onager
豚マソ
2:00 Loom
16:04 Feudal Age
19:43 Castle Age
17:26 Horse Collar
17:35 Double-Bit Axe
18:01 Stone Mining
18:02 Gold Mining
20:45 Heavy Plow
20:58 Bow Saw
21:42 Gold Shaft Mining
21:53 Stone Shaft Mining
24:33 Caravan
26:55 Wheelbarrow
27:29 Scale Barding Armor
28:32 Hand Cart
33:44 Imperial Age
32:24 Husbandry
32:35 Bloodlines
34:03 Chain Barding Armor
34:31 Siege Engineers
35:02 Crop Rotation
34:12 Heavy Scorpion
35:56 Conscription
36:02 Double Crossbow
36:47 Ballistics
36:55 Elite Ballista Elephant
41:32 Plate Barding Armor
41:08 Forging
41:01 Tusk Swords
42:20 Elite Battle Elephant
43:18 Town Watch
Rat Meat Pizza
14:21 Feudal Age
21:46 Castle Age
19:58 Gold Mining
19:59 Stone Mining
20:15 Horse Collar
22:32 Heavy Plow
25:54 Double-Bit Axe
37:38 Imperial Age
35:44 Wheelbarrow
34:55 Loom
37:07 Padded Archer Armor
36:57 Fletching
37:12 Scale Barding Armor
37:17 Forging
36:30 Pikeman
37:10 Squires
36:56 Arson
38:05 Caravan
39:30 Gold Shaft Mining
39:01 Elite Skirmisher
39:05 Heavy Cavalry Archer
39:50 Squires
39:38 Arson
40:02 Husbandry
41:24 Hand Cart
40:59 Town Watch
41:30 Bloodlines
40:41 Heavy Camel Rider
42:35 Crop Rotation
43:12 Elite Steppe Lancer
43:13 Cavalier
44:22 Leather Archer Armor
45:16 Conscription
44:17 Elite Keshik
44:58 Silk Armor
InTrUd3r2855
11:41 Feudal Age
18:12 Castle Age
27:46 Scale Barding Armor
27:51 Forging
27:28 Double-Bit Axe
32:17 Bow Saw
31:50 Horse Collar
32:16 Scale Mail Armor
32:16 Padded Archer Armor
35:26 Padded Archer Armor
35:41 Chain Mail Armor
36:04 Iron Casting
39:38 Gold Mining
39:38 Stone Mining
40:12 Chain Barding Armor
39:54 Padded Archer Armor
42:26 Husbandry
John
1:21 Loom
11:52 Feudal Age
12:57 Horse Collar
13:05 Double-Bit Axe
16:00 Wheelbarrow
22:43 Castle Age
21:10 Gold Mining
21:13 Stone Mining
23:35 Bow Saw
24:08 Hand Cart
24:54 Heavy Plow
26:23 Scale Barding Armor
26:28 Forging
27:22 Squires
29:52 Bloodlines
29:42 Husbandry
31:41 Caravan
33:09 Gambesons
35:03 Iron Casting
34:49 Chain Barding Armor
36:06 Scale Mail Armor
36:43 Husbandry
39:29 Imperial Age
37:45 Chain Mail Armor
37:23 Fletching
38:25 Light Cavalry
39:25 Vendel Legacy
39:52 Cranequins
39:57 Cavalier
41:06 Conscription
40:18 Heavy Scorpion
41:13 Gothikon
41:17 Elite Varangian Guard
47:55 Blast Furnace
47:25 Plate Mail Armor
47:31 Plate Barding Armor
47:14 Hussar
קhaŋt0m קaiŋ O.o°
0:46 Loom
12:52 Feudal Age
13:20 Horse Collar
13:27 Double-Bit Axe
22:27 Castle Age
22:30 Stone Mining
22:31 Gold Mining
23:14 Heavy Plow
23:28 Bow Saw
28:52 Gold Shaft Mining
31:05 Wheelbarrow
34:01 Imperial Age
31:45 Fletching
31:55 Padded Archer Armor
31:47 Crossbowman
32:24 Bodkin Arrow
32:59 Yeomen
33:10 Fortified Wall
33:42 Leather Archer Armor
33:52 Hand Cart
33:28 Elite Skirmisher
34:32 Ballistics
34:58 Bracer
35:28 Ring Archer Armor
36:01 Chemistry
34:47 Treadmill Crane
35:38 Conscription
37:07 Two-Man Saw
36:42 Arbalester
47:47 Caravan
Kevinsitoland
1:13 Loom
13:38 Feudal Age
16:26 Double-Bit Axe
24:22 Castle Age
22:56 Forging
22:52 Scale Barding Armor
22:09 Man-at-Arms
26:44 Wheelbarrow
26:04 Gold Mining
27:21 Iron Casting
29:22 Bow Saw
38:23 Imperial Age
36:33 Light Cavalry
37:49 Chain Barding Armor
39:04 Cavalier
40:54 Husbandry
42:26 Plate Barding Armor
42:44 Caravan
43:21 Chivalry
43:11 Paladin
67135820zz
14:51 Feudal Age
15:45 Horse Collar
19:11 Castle Age
18:14 Double-Bit Axe
20:22 Wheelbarrow
20:15 Bow Saw
28:40 Heavy Plow
29:12 Man-at-Arms
31:04 Hand Cart
30:42 Loom
35:48 Imperial Age
33:06 Town Watch
33:00 Long Swordsman
35:34 Forging
36:34 Chemistry
36:02 Heavy Scorpion
38:20 Two-Man Saw
36:53 Two-Handed Swordsman
37:13 Houfnice
39:14 Pikeman
39:54 Squires
39:40 Arson
39:54 Halberdier
43:12 Champion
47:44 Scale Mail Armor
48:20 Iron Casting
Connection lost

Rejoining the realm…

Still unreachable

The connection could not be restored.

Session expired

The server has moved on; the page needs a fresh start.